 Dungeon Sprint DCSS version 0.31-a0-348-g810772c3d7 (webtiles) character file.

Game seed: 16913760817331928925

7218 Conn the Arsonist (level 11, -12/64 HPs)
             Began as an Octopode Fire Elementalist on July 23, 2023.
             Was a High Priest of Sif Muna.
             Killed from afar by a Brimstone Fiend (29 damage)
             ... with damnation
             ... summoned by a deep elf demonologist
             ... in the Dungeon (Sprint III: "The Ten Rune Challenge").
             The game lasted 00:23:42 (2353 turns).

Conn the Arsonist (Octopode Fire Elementalist)      Turns: 2353, Time: 00:23:42

Health: -12/64     AC:  1    Str:  8    XL:     11   Next: 11%
Magic:  5/29       EV: 15    Int: 21    God:    Sif Muna [*****.]
Gold:   1900       SH:  0    Dex: 13    Spells: 5/38 levels left

rFire   . . .        g - +4 quarterstaff (chaos)
rCold   . . .        (shield currently unavailable)
rNeg    . . .        (helmet restricted)
rPois   .            (no amulet)
rElec   .            (no ring)
rCorr   .            (no ring)
SInv    .            (no ring)
Will    .....        (no ring)
Stlth   +++++        (no ring)
HPRegen 0.30/turn    (no ring)
MPRegen 0.21/turn    (no ring)
                     (no ring)

%: no teleportation, clarity
@: on berserk cooldown, slowed, very slow
A: almost no armour, amphibious, 8 rings, camouflage 1, gelatinous body 1,
(nimble swimmer 1), tentacles, clarity, no potion heal 1
a: Renounce Religion, Channel Magic, Forget Spell, Divine Exegesis


You were in the Dungeon.
You worshipped Sif Muna.
Sif Muna was extremely pleased with you.
You visited 1 branch You collected 1972 gold pieces.
You spent 72 gold pieces at shops.

Inventory:

Hand Weapons
 d - a +2 long sword of holy wrath
 g - a +4 quarterstaff of chaos (weapon)
Missiles
 h - 4 poisoned darts (quivered)
Armour
 b - a +0 buckler
Scrolls
 c - a scroll of immolation
 i - a scroll of poison
 j - 3 scrolls of identify
Potions
 a - a potion of magic
 k - 4 potions of enlightenment


   Skills:
 + Level 1.9 Fighting
 + Level 5.4 Throwing
 + Level 6.0 Dodging
 - Level 7.4 Stealth
 * Level 14.1 Spellcasting
 * Level 8.4 Conjurations
 + Level 3.0 Hexes
 + Level 2.9 Translocations
 - Level 6.0 Transmutations
 + Level 14.3 Fire Magic
 + Level 4.7 Ice Magic
 * Level 6.6 Invocations


You had 5 spell levels left.
You knew the following spells:

 Your Spells              Type           Power      Damage    Failure   Level
a - Foxfire               Conj/Fire      100%       2x1d9     1%          1
b - Scorch                Fire           100%       2d9       1%          2
c - Inner Flame           Hex/Fire       51%        N/A       1%          3
d - Flame Wave            Conj/Fire      58%        2d14      1%          4
e - Volatile Blastmotes   Fire/Tloc      100%       2d18      1%          3
f - Hailstorm             Conj/Ice       42%        3d10      1%          3
g - Frozen Ramparts       Ice            68%        1d11      1%          3
h - Irradiate             Conj/Tmut      22%        3d19      6%          5
i - Fireball              Conj/Fire      29%        3d13      1%          5
j - Fulminant Prism       Conj/Hex       19%        3d10      4%          4

Your spell library contained the following spells:

 Spells                   Type           Power      Damage    Failure   Level
 Freeze                   Ice            100%       1d10      1%          1
 Magic Dart               Conj           100%       1d8       1%          1
 Shock                    Conj/Air       100%       1d9       1%          1
 Searing Ray              Conj           100%       2d8       1%          2
 Wereblood                Tmut           40%        N/A       1%          2
 Iskenderun's Battlesphe  Conj           50%        2d10      3%          5
 Starburst                Conj/Fire      29%        6d9       6%          6
 Orb of Destruction       Conj           25%        9d9       73%         7
 Spellforged Servitor     Conj/Summ      16%        N/A       99%         7
 Fire Storm               Conj/Fire      29%        8d7       100%        9


Dungeon Overview and Level Annotations

Branches:
Dungeon (1/1)

Altars:
Cheibriados
Dithmenos
Elyvilon
Fedhas
Gozag
Hepliaklqana
Kikubaaqudgha
Makhleb
Nemelex Xobeh
Okawaru
Qazlal
Ru
Sif Muna
Trog
Uskayaw
Vehumet
Wu Jian
Xom
Yredelemnul
Zin
The Shining One
Jiyva
Lugonu

Shops:
D ?


Innate Abilities, Weirdness & Mutations

You cannot wear most types of armour.
You are amphibious.
You can wear up to eight rings at the same time.
Your skin changes colour to match your surroundings (Stealth+).
Your rubbery body absorbs attacks. (AC +1, EV +1)
((You are camouflaged when in or above water. (Stealth+)))
You have tentacles for arms and can constrict up to eight enemies at once.
You possess an exceptional clarity of mind.
Potions are less effective at restoring your health.


Message History

Things that are here:
a +4 short sword of electrocution; a +0 ring mail You close the door.
Something unseen opens the door.
Okay, then.
Unknown command.
Unknown command.
A red film seems to cover your vision as you go berserk!
You feel yourself moving faster!
You feel mighty!
You feel a strong urge to attack something.
Things that are here:
a +0 long sword; a +0 leather armour The Brimstone Fiend calls on the powers of darkness!
Your body is wracked with pain!
* * * LOW HITPOINT WARNING * * *
You feel your anger nearly subside.
You are no longer berserk.
You are exhausted.
You feel yourself slow down.
Okay, then.
Unknown command.
Press: ? - help, v - describe, . - travel
Here: a Brimstone Fiend (summoned)
An open door to the Elven Halls.
Unknown command.
Okay, then.
Unknown command.
Unknown command.
Okay, then.
Press: ? - help, v - describe, . - travel
Here: a Brimstone Fiend (summoned)
An open door to the Elven Halls.
Unknown command.
Unknown command.
Unknown command.
Unknown command.
Unknown command.
Unknown command.
The Brimstone Fiend gestures at you.
The sphere of damnation explodes!
The damnation engulfs you!!
You die...

▓ ▓▓▓▓▓
##############...#.########## #
#___#___#__#..#####).1'.#...# ..
#...#__.#._#.........##.#...##≈≈≈
###'#'###'##....@)..#.#.#...≈≈≈ee
#...)...)..#....))....#1#.[.##≈≈≈
')⌠))....))#.#..∩###..#.'...# ..
#...######'#..###..##.####### #
#.⌠.#__#..v#'####### ##
#...#__#..§#..§§§+.#
#)###__#.).#)#§§§#.#
#)..#__#..)'.#§§§#.#
#___#__'...#.#§..#.E


You could see a Brimstone Fiend (summoned).

Vanquished Creatures
  A deep elf annihilator (D)
  Snorg (D)
  A deep elf death mage (D)
  An orc high priest (D)
  2 deep elf knights (D)
  An orc knight (D)
  A deep elf zephyrmancer (D)
  An orc sorcerer (D)
  3 deep elf pyromancers (D)
  A shadow (D)
  A spatial vortex (D)
  2 orc warriors (D)
  A water elemental (D)
  A necrophage (D)
  Crazy Yiuf (D)
  A jelly (D)
  3 orc priests (D)
  A wizard (D)
  An orc wizard (D)
  A necromancer (D)
  3 humans (D)
  A kobold demonologist (D)
  9 orcs (D)
  4 rats (D)
43 creatures vanquished.

Vanquished Creatures (others)
  129 foxfires (D)
  3 fulminant prisms (D)
132 creatures vanquished.

Grand Total: 175 creatures vanquished

Notes
Turn   | Place    | Note
-------+----------+-------------------------------------------
     0 | D        | Conn the Octopode Fire Elementalist began the quest for the
                  | Orb.
     0 | D        | Reached XP level 1. HP: 11/11 MP: 3/3
    83 | D        | Noticed Crazy Yiuf
    88 | D        | Reached XP level 2. HP: 17/17 MP: 1/6
   138 | D        | Learned a level 2 spell: Scorch
   166 | D        | Killed Crazy Yiuf
   167 | D        | Reached skill level 1 in Throwing
   167 | D        | Reached skill level 5 in Fire Magic
   167 | D        | Reached XP level 3. HP: 3/21 MP: 0/8
   272 | D        | Gained mutation: Your body sometimes deteriorates upon
                  | taking damage. [potion of mutation]
   272 | D        | Gained mutation: You are partially covered in iridescent
                  | scales. (AC +2) [potion of mutation]
   273 | D        | Lost mutation: You are partially covered in iridescent
                  | scales. (AC +2) [potion of mutation]
   273 | D        | Lost mutation: Your body sometimes deteriorates upon taking
                  | damage. [potion of mutation]
   273 | D        | Gained mutation: You are dopey. (Int -2) [potion of
                  | mutation]
   273 | D        | Gained mutation: You expend magic power (3 MP) to
                  | strengthen your wands. [potion of mutation]
   274 | D        | Lost mutation: You expend magic power (3 MP) to strengthen
                  | your wands. [potion of mutation]
   274 | D        | Lost mutation: You are dopey. (Int -2) [potion of mutation]
   274 | D        | Gained mutation: You are partially covered in iridescent
                  | scales. (AC +2) [potion of mutation]
   278 | D        | Lost mutation: You are partially covered in iridescent
                  | scales. (AC +2) [potion of mutation]
   278 | D        | Gained mutation: You have a pair of small antennae on your
                  | head. [potion of mutation]
   278 | D        | Gained mutation: Potions are less effective at restoring
                  | your health. [potion of mutation]
   278 | D        | Gained mutation: You are frail. (-10% HP) [potion of
                  | mutation]
   278 | D        | Gained mutation: You expend magic power (3 MP) to
                  | strengthen your wands. [potion of mutation]
   279 | D        | Lost mutation: You are frail. (-10% HP) [potion of
                  | mutation]
   279 | D        | Lost mutation: You expend magic power (3 MP) to strengthen
                  | your wands. [potion of mutation]
   279 | D        | Lost mutation: You have a pair of small antennae on your
                  | head. [potion of mutation]
   279 | D        | Gained mutation: You possess an exceptional clarity of
                  | mind. [potion of mutation]
   305 | D        | Learned a level 3 spell: Inner Flame
   522 | D        | Noticed a deep elf pyromancer
   522 | D        | Noticed a human
   522 | D        | Noticed a water elemental
   528 | D        | Noticed a fire elemental
   531 | D        | Killed a deep elf pyromancer
   532 | D        | Reached skill level 1 in Fighting
   532 | D        | Reached skill level 5 in Dodging
   532 | D        | Reached skill level 10 in Fire Magic
   532 | D        | Reached XP level 4. HP: 28/28 MP: 3/12
   532 | D        | Reached XP level 5. HP: 33/33 MP: 3/14
   532 | D        | Reached XP level 6. HP: 38/38 MP: 3/15
   532 | D        | Reached XP level 7. HP: 43/43 MP: 3/17
   555 | D        | Killed a human
   696 | D        | Learned a level 4 spell: Flame Wave
   700 | D        | Learned a level 3 spell: Volatile Blastmotes
   710 | D        | Noticed a human
   722 | D        | Killed a human
   829 | D        | Found a glowing silver altar of Zin.
   829 | D        | Found an ornate altar of the Wu Jian Council.
   830 | D        | Found a hide-covered altar of Uskayaw.
   830 | D        | Found a bloodstained altar of Trog.
   831 | D        | Found a glowing golden altar of the Shining One.
   831 | D        | Found an iron altar of Okawaru.
   834 | D        | Reached skill level 5 in Throwing
   851 | D        | Found a white marble altar of Elyvilon.
   853 | D        | Found a basalt altar of Yredelemnul.
   866 | D        | Found a sacrificial altar of Ru.
   867 | D        | Found a shadowy altar of Dithmenos.
   879 | D        | Found a radiant altar of Vehumet.
   879 | D        | Found a shimmering blue altar of Sif Muna.
   879 | D        | Found an ancient bone altar of Kikubaaqudgha.
   882 | D        | Reached XP level 8. HP: 48/48 MP: 14/20
   893 | D        | Learned a level 3 spell: Hailstorm
   897 | D        | Learned a level 3 spell: Frozen Ramparts
   898 | D        | Became a worshipper of Sif Muna the Loreminder
   928 | D        | Noticed a shadow
   931 | D        | Killed a shadow
   932 | D        | Reached skill level 1 in Hexes
   932 | D        | Reached skill level 1 in Ice Magic
   985 | D        | Noticed Snorg
   987 | D        | Noticed an orc high priest
   987 | D        | Noticed an orc sorcerer
   987 | D        | Noticed an orc knight
  1016 | D        | Killed an orc sorcerer
  1016 | D        | Reached * piety under Sif Muna
  1052 | D        | Killed an orc knight
  1052 | D        | Reached ** piety under Sif Muna
  1053 | D        | Reached skill level 10 in Spellcasting
  1053 | D        | Reached XP level 9. HP: 7/54 MP: 0/23
  1220 | D        | Killed an orc high priest
  1221 | D        | Reached skill level 5 in Conjurations
  1284 | D        | Reached *** piety under Sif Muna
  1517 | D        | Reached **** piety under Sif Muna
  1525 | D        | Learned a level 5 spell: Irradiate
  1585 | D        | Reached skill level 1 in Transmutations
  1585 | D        | Reached skill level 1 in Invocations
  1609 | D        | Killed Snorg
  1609 | D        | Reached ***** piety under Sif Muna
  1609 | D        | Received a gift from Sif Muna
  1610 | D        | Reached XP level 10. HP: 49/60 MP: 0/26
  1611 | D        | Got Teudeasch's Encyclopedia of the Impact {god gift}
  1771 | D        | Found a blossoming altar of Fedhas.
  1773 | D        | Found a stormy altar of Qazlal.
  1775 | D        | Found a snail-covered altar of Cheibriados.
  1775 | D        | Found a burning altar of Makhleb.
  1776 | D        | Found a shimmering altar of Xom.
  1777 | D        | Found a hazy altar of Hepliaklqana.
  1777 | D        | Found an opulent altar of Gozag.
  1777 | D        | Found a sparkling altar of Nemelex Xobeh.
  1777 | D        | Found a corrupted altar of Lugonu.
  1777 | D        | Found a viscous altar of Jiyva.
  1810 | D        | Found Goguf's Magic Scroll Shoppe.
  1833 | D        | Bought a scroll of identify for 24 gold pieces
  1836 | D        | Bought a scroll of immolation for 48 gold pieces
  1846 | D        | Learned a level 5 spell: Fireball
  1851 | D        | Learned a level 4 spell: Fulminant Prism
  1852 | D        | Noticed a deep elf knight
  1852 | D        | Noticed a deep elf knight
  1852 | D        | Noticed a deep elf pyromancer
  1852 | D        | Noticed a deep elf zephyrmancer
  1852 | D        | Noticed a deep elf pyromancer
  1864 | D        | Killed a deep elf zephyrmancer
  1864 | D        | Killed a deep elf pyromancer
  1865 | D        | Reached skill level 1 in Translocations
  1884 | D        | Killed a deep elf knight
  1884 | D        | Killed a deep elf pyromancer
  1884 | D        | Killed a deep elf knight
  1885 | D        | Reached skill level 5 in Transmutations
  1885 | D        | Reached skill level 5 in Invocations
  2015 | D        | Noticed a deep elf demonologist
  2016 | D        | Noticed a deep elf annihilator
  2024 | D        | Killed a deep elf annihilator
  2025 | D        | Reached XP level 11. HP: 64/64 MP: 10/28
  2133 | D        | Noticed a deep elf death mage
  2139 | D        | Killed a deep elf death mage
  2139 | D        | Received a gift from Sif Muna
  2143 | D        | Got Amampym's Codex of Force {god gift}
  2238 | D        | Noticed a deep elf master archer
  2323 | D        | Noticed a deep elf demonologist
  2335 | D        | Noticed a deep elf death mage
  2336 | D        | Identified the ring of Impatience {Wiz rF+ rN+}
  2336 | D        | Noticed a deep elf demonologist
  2338 | D        | Noticed a Brimstone Fiend
  2353 | D        | Killed from afar by a Brimstone Fiend

Illustrated notes

Levels and vault maps discovered:
D:        dungeon_sprint_mu [sprint_mu_entry_forest, sprint_mu_temple_rooms,
          sprint_mu_d1_horrors, sprint_mu_d2_genie, sprint_mu_d3_branching,
          sprint_mu_orc_legion, sprint_mu_elf_gauntlet, sprint_mu_hive_nellie,
          sprint_mu_lair_fedhas, sprint_mu_vaults_butterflies,
          sprint_mu_slime_circle, sprint_mu_swamp_cave, sprint_mu_snake_twists,
          sprint_mu_blade_basic, sprint_mu_crypt_lich, sprint_mu_tomb_spiral,
          sprint_mu_vestibule_basic, sprint_mu_gehenna_hellfire,
          sprint_mu_dis_giant, sprint_mu_tartarus_statrot,
          sprint_mu_cocytus_islands, sprint_mu_zot1]

Skill      XL: |  1  2  3  4  5  6  7  8  9 10 11 |
---------------+----------------------------------+-----
Stealth        | 3 6 7 |  7.4
Spellcasting   | 3 6 8 10 12 13 14 | 14.1
Fire Magic     | 4 5 10 11 12 13 14 | 14.3
Throwing       | 1 4 5 |  5.4
Dodging        | 3 5 6 |  6.0
Fighting       | 1 |  1.9
Conjurations   | 2 4 6 8 |  8.4
Hexes          | 1 2 3 |  3.0
Ice Magic      | 3 4 |  4.7
Transmutations | 2 5 6 |  6.0
Invocations    | 2 6 |  6.6
Translocations | 2 |  2.9

Action                     |  1- 3 |  4- 6 |  7- 9 | 10-12 || total
---------------------------+-------+-------+-------+-------++-------
  Melee: Unarmed           |     2 |       |       |       ||     2
         Constrict         |     1 |       |     1 |       ||     2
         Tentacles         |     1 |       |       |       ||     1
         Quarterstaff      |       |       |     5 |       ||     5
  Throw: Dart              |    10 |       |     1 |       ||    11
   Cast: Foxfire           |    10 |       |    55 |     9 ||    74
         Scorch            |     3 |       |    26 |     1 ||    30
         Inner Flame       |     1 |       |     6 |     2 ||     9
         Flame Wave        |       |       |     4 |     2 ||     6
         Volatile Blastmot |       |       |     3 |     2 ||     5
         Fireball          |       |       |       |    17 ||    17
         Fulminant Prism   |       |       |       |     3 ||     3
    Use: Potion            |     6 |       |     1 |     5 ||    12
         Scroll            |       |       |     1 |     2 ||     3
  Dodge: Dodged            |     2 |       |    12 |     2 ||    16

Table legend: (Time is in decaauts)
 A = Elapsed time spent in this place.
 B = Non-inter-level travel time spent in this place.
 C = Inter-level travel time spent in this place.
 D = Time resting spent in this place.
 E = Time spent auto-exploring this place.
 F = Levels seen in this place.
 G = Mean time per level.
                   A        B        C        D        E       F      G
               +--------+--------+--------+--------+--------+-----+--------+
         Total |   2336 |   2336 |      0 |   1423 |     60 |   1 | 2336.0 |
       Dungeon |   2336 |   2336 |      0 |   1423 |     60 |   1 | 2336.0 |
               +--------+--------+--------+--------+--------+-----+--------+

Top non-repeatable levels by time:
       D: 2336 daAuts
